 Dungeon Crawl Stone Soup version 0.31-a0-365-gcf821cafb2 (webtiles) character file.

Game seed: 4356499614820505724

6045 garrulousMonolith the Covert (level 10, 0/68 HPs)
             Began as an Octopode Shapeshifter on July 28, 2023.
             Was a Priest of Wu Jian.
             Slain by a yak (15 damage)
             ... on level 9 of the Dungeon.
             The game lasted 00:08:50 (7990 turns).

garrulousMonolith the Covert (OpSh)                 Turns: 7990, Time: 00:08:50

Health: 0/68       AC:  5    Str: 23    XL:     10   Next: 87%
Magic:  10/10      EV: 15    Int: 11    God:    Wu Jian [***...]
Gold:   319        SH:  6    Dex: 14    Spells: 9/9 levels left

rFire   . .          .
                       - Unarmed
rCold   + . .        y - +1 buckler
rNeg    . . .        (helmet currently unavailable)
rPois   .            (no amulet)
rElec   .            k - +4 ring of protection
rCorr   +            m - +6 ring of strength
SInv    .            x - ring of resist corrosion
Will    .....        H - ring of protection from cold
Stlth   +++++        (no ring)
HPRegen 0.31/turn    (no ring)
MPRegen 0.12/turn    (no ring)
                     (no ring)

%: no passive effects
@: beast-form
A: beast (slay +5), almost no armour, amphibious, 8 rings, camouflage 1,
gelatinous body 1, (nimble swimmer 1), tentacles
a: Begin Untransformation, Renounce Religion, Wall Jump, Serpent's Lash


You were on level 9 of the Dungeon.
You worshipped Wu Jian.
Wu Jian was most pleased with you.
You were a hulking beast.
You visited 2 branches of the dungeon, and saw 10 of its levels.

You collected 319 gold pieces.

Inventory:

Hand Weapons
 A - a +0 sling of freezing
Missiles
 l - 63 stones
 s - 29 poisoned darts (quivered)
 D - 3 throwing nets
 G - 5 boomerangs
 I - 2 boomerangs of dispersal
 J - 6 javelins
 M - 2 curare-tipped darts
Armour
 y - a +1 buckler (worn)
Jewellery
 k - a +4 ring of protection (left tentacle)
 m - a +6 ring of strength (right tentacle)
 x - a ring of resist corrosion (on tentacle)
 H - a ring of protection from cold (on tentacle)
Talismans
 b - a beast talisman
Wands
 r - a wand of roots (6)
 v - a wand of mindburst (13)
 C - a wand of digging (4)
 K - a wand of charming (13)
Scrolls
 c - a scroll of poison
 g - 7 scrolls of teleportation
 i - a scroll of amnesia
 n - a scroll of silence
 o - 2 scrolls of enchant armour
 q - 3 scrolls of fog
 u - 3 scrolls of noise
 w - a scroll of immolation
 B - 3 scrolls of revelation
 N - a scroll of fear
Potions
 a - 2 potions of lignification
 d - 2 potions of enlightenment
 f - 3 potions of curing
 h - a potion of brilliance
 j - a potion of resistance {unknown}
 p - a potion of ambrosia {unknown}
 t - a potion of invisibility {unknown}
 z - a potion of magic {unknown}
 E - 2 potions of might
 F - 2 potions of mutation
 L - a potion of attraction {unknown}


   Skills:
 + Level 6.2 Fighting
 + Level 6.5 Dodging
 + Level 8.4 Stealth
 + Level 5.6 Shields
 + Level 6.7 Unarmed Combat
 * Level 7.8 Shapeshifting


You had 9 spell levels left.
You didn't know any spells.
Your spell library was empty.

Dungeon Overview and Level Annotations

Branches:
Dungeon (9/15)             Temple (1/1) D:4
   Lair: D:8-11         Orc: D:9-12

Altars:
Ashenzari
Cheibriados
Dithmenos
Elyvilon
Fedhas
Hepliaklqana
Kikubaaqudgha
Makhleb
Nemelex Xobeh
Okawaru
Qazlal
Ru
Sif Muna
Trog
Uskayaw
Vehumet
Wu Jian
Xom
Yredelemnul
The Shining One

Shops:
D:1 (   D:4 =

Annotations:
D:3 1 runed translucent door, Crazy Yiuf
D:6 3 runed translucent doors, deremet's ghost, novice HuCA
D:8 exclusion: door


Innate Abilities, Weirdness & Mutations

You are a hulking beast.
Your limbs bulge with bestial killing power. (Slay +5)
You cannot wear most types of armour.
You are amphibious.
You can wear up to eight rings at the same time.
Your skin changes colour to match your surroundings (Stealth+).
Your rubbery body absorbs attacks. (AC +1, EV +1)
((You are camouflaged when in or above water. (Stealth+)))
You have tentacles for arms and can constrict up to eight enemies at once.


Message History

The steam dragon claws you but does no damage.
You barely miss the steam dragon.
The steam dragon is heavily wounded.
You are engulfed in a cloud of scalding steam.
A yak comes into view.
You block the yak's attack. The steam dragon barely misses you.
The steam dragon misses you.
You spin and attack the steam dragon.
You tentacle-slap the steam dragon but do no damage.
You tentacle-slap the steam dragon.
The steam dragon is heavily wounded.
The steam dragon barely misses you. The steam dragon completely misses you.
You barely miss the steam dragon.
The steam dragon is heavily wounded.
You block the steam dragon's attack. x2
You bludgeon the steam dragon! Your squeeze misses the steam dragon.
The steam dragon is almost dead.
You bludgeon the steam dragon!
You kill the steam dragon!
The Council accepts your kill. The yak completely misses you.
You barely miss the yak. You squeeze the yak.
The yak is lightly wounded.
You block the yak's attack. The yak barely misses you.
You tentacle-slap the yak. You squeeze the yak!
The yak is heavily wounded.
You block the yak's attack.
A yak comes into view.
The yak gores you but does no damage.
You bludgeon the yak! Your squeeze misses the yak.
The yak is severely wounded.
The yak gores you! You block the yak's attack.
You hear a bellow!
You completely miss the yak.
The yak is severely wounded.
A yak comes into view.
The yak gores you!
* * * LOW HITPOINT WARNING * * *
The yak gores you!
You die...

#.##### #..# #.######
#..## #......# ##..#
#.####.# ##.# #....#
#.# # ##....# #.#
#.####.....#.#####.###
#..YYY._..............
##.#Yh...##########.#.
# #....## #.#. #....#
#†#. ####.# #.#. ..#
#.#. .. #... ### #.#.
#.#######.##
#...........


You could see 4 yaks.

Vanquished Creatures
  A two-headed ogre (D:8)
  Pikel (D:5)
  Prince Ribbit (D:8)
  7 yaks
  A wyvern (D:8)
  A steam dragon (D:9)
  2 water moccasins (D:7)
  3 orc warriors
  An ice beast (D:5)
  2 sky beasts (D:7)
  2 ogres
  2 centaurs
  2 phantoms (D:5)
  4 bullfrogs
  2 kobold brigands
  2 scorpions
  7 wights
  11 killer bees
  2 howler monkeys
  4 hounds
  2 jellies
  6 orc priests
  5 iguanas
  4 orc wizards
  7 gnolls
  5 adders
  3 shadow imps
  2 ufetubi
  3 dart slugs
  27 orcs
  6 endoplasms
  3 giant cockroaches
  10 goblins
  5 hobgoblins
  3 quokkas
  6 ball pythons
  2 bats (D:3)
  3 frilled lizards
  15 kobolds
  5 rats
180 creatures vanquished.

Notes
Turn   | Place    | Note
-------+----------+-------------------------------------------
     0 | D:1      | garrulousMonolith the Octopode Shapeshifter began the quest
                  | for the Orb.
     0 | D:1      | Reached XP level 1. HP: 13/13 MP: 1/1
   342 | D:1      | Reached XP level 2. HP: 18/18 MP: 2/2
   370 | D:1      | Reached skill level 1 in Stealth
   694 | D:1      | Found Iniohof's Weapon Shoppe.
  1114 | D:2      | Reached XP level 3. HP: 22/23 MP: 3/3
  1732 | D:3      | Reached XP level 4. HP: 6/29 MP: 4/4
  1734 | D:3      | Reached skill level 2 in Stealth
  1880 | D:3      | Found a faded altar of an unknown god.
  2331 | D:3      | Found a runed translucent door.
  2332 | D:3      | Noticed Crazy Yiuf
  2644 | D:4      | Found a shimmering altar of Xom.
  2675 | D:4      | Found Vaomufuu's Jewellery Emporium.
  2717 | D:4      | Reached XP level 5. HP: 32/34 MP: 5/5
  2796 | D:4      | Found a staircase to the Ecumenical Temple.
  2808 | Temple   | Entered the Ecumenical Temple
  2838 | Temple   | Became a worshipper of the Wu Jian Council
  2929 | D:4      | Reached skill level 1 in Shields
  3075 | D:4      | Reached XP level 6. HP: 39/40 MP: 6/6
  3405 | D:5      | Entered Level 5 of the Dungeon
  3419 | D:5      | Reached skill level 3 in Stealth
  3479 | D:5      | Noticed Pikel
  3691 | D:5      | Killed Pikel
  3692 | D:5      | Reached skill level 4 in Stealth
  3692 | D:5      | Reached XP level 7. HP: 40/46 MP: 7/7
  3701 | D:5      | Reached XP level 8. HP: 29/52 MP: 8/8
  3707 | D:5      | Reached skill level 5 in Shapeshifting
  3858 | D:5      | Found a shadowy altar of Dithmenos.
  3921 | D:5      | Reached skill level 5 in Stealth
  4006 | D:5      | Reached * piety under Wu Jian
  4885 | D:6      | Reached skill level 5 in Unarmed Combat
  5034 | D:6      | Found a hide-covered altar of Uskayaw.
  5131 | D:6      | Reached XP level 9. HP: 59/59 MP: 9/9
  5199 | D:6      | Found a runed translucent gate.
  5200 | D:6      | Found a runed translucent gate.
  5200 | D:6      | Found a runed translucent gate.
  5200 | D:6      | Noticed deremet's ghost (novice HuCA)
  5203 | D:6      | Identified the +5 chain mail of Slimy Satisfaction {Drain
                  | +Inv Int+3}
  5332 | D:7      | Reached skill level 6 in Stealth
  5512 | D:7      | Reached skill level 5 in Dodging
  5906 | D:7      | Reached ** piety under Wu Jian
  5986 | D:7      | Reached skill level 5 in Fighting
  6445 | D:8      | Noticed a two-headed ogre
  6460 | D:8      | HP: 3/61 [two-headed ogre/+0 giant club (2)]
  6464 | D:8      | Killed a two-headed ogre
  6465 | D:8      | Reached skill level 7 in Stealth
  6465 | D:8      | Reached XP level 10. HP: 15/66 MP: 10/10
  6758 | D:8      | Reached skill level 5 in Shields
  7358 | D:8      | Reached skill level 8 in Stealth
  7370 | D:8      | Noticed Prince Ribbit
  7376 | D:8      | Killed Prince Ribbit
  7575 | D:9      | Found a stormy altar of Qazlal.
  7841 | D:9      | Reached *** piety under Wu Jian
  7967 | D:9      | Found a basalt altar of Yredelemnul.
  7990 | D:9      | Slain by a yak

Illustrated notes

Levels and vault maps discovered:
D:1:      dpeg_chamrin_arrival_tetris, layout_basic, serial_shops, shop_statue
D:2:      layout_loops_ring, serial_glass, glass_columns_b, glass_columns_b,
          small_statue_intersection, minmay_statues_item
D:3:      layout_basic, shapermc_ecumenical_altar_mp_highgroup,
          uniq_crazy_yiuf_cottage
D:4:      layout_loops_ring, kennysheep_little_box,
          minmay_temple_entry_overgrown, serial_shops,
          nicolae_shop_pleasant_corner_grove, chequers_decorated_corner,
          kennysheep_small_square
D:5:      layout_basic, grunt_dithmenos_smoke, uniq_pikel
D:6:      layout_cave_pools, nicolae_uskayaw_suspiria,
          biasface_ghost_orc_armoury
D:7:      layout_loops_cross, minmay_crossroads
D:8:      layout_gridville, uniq_prince_ribbit1
D:9:      minmay_bubble_buster, layout_loops_cross,
          grunt_temple_overflow_gold_and_silver, nicolae_overflow_crystal_walls,
          nicolae_qazlal_style_of_elements, serial_glass, glass_columns_c,
          glass_columns_b, due_unseen_surprise, minmay_misc_feat_alley,
          minmay_liquid_box
Temple:   bh_familiar_temple

Skill      XL: |  1  2  3  4  5  6  7  8  9 10 |
---------------+-------------------------------+-----
Stealth        | 1 2 4 5 7 8 |  8.4
Fighting       | 2 3 4 5 6 |  6.2
Shields        | 1 2 3 4 5 |  5.6
Dodging        | 3 4 5 6 |  6.5
Shapeshifting  | 4 5 6 7 |  7.8
Unarmed Combat | 4 5 6 |  6.7

Action                     |  1- 3 |  4- 6 |  7- 9 | 10-12 || total
---------------------------+-------+-------+-------+-------++-------
  Melee: Unarmed           |    53 |    80 |   172 |   100 ||   405
         Constrict         |    13 |    20 |    39 |    18 ||    90
         Tentacles         |     6 |    17 |    39 |    28 ||    90
         Punch             |     1 |     2 |     8 |     7 ||    18
  Throw: Dart              |       |       |     4 |     1 ||     5
Ability: Lunge             |       |     9 |    20 |     7 ||    36
         Whirlwind         |       |       |     3 |     1 ||     4
  Evoke: Wand              |       |       |     1 |       ||     1
    Use: Scroll            |     2 |       |    14 |     1 ||    17
         Potion            |     1 |       |     3 |     1 ||     5
   Stab: Sleeping          |     7 |     7 |    16 |     2 ||    32
 Armour: Skin              |     1 |     9 |    14 |    12 ||    36
  Dodge: Dodged            |    25 |    43 |    65 |    54 ||   187
  Block: Buckler           |       |     8 |    30 |    28 ||    66
         Form:             |       |     1 |       |       ||     1
         Beast             |       |     1 |       |       ||     1

Table legend: (Time is in decaauts)
 A = Elapsed time spent in this place.
 B = Non-inter-level travel time spent in this place.
 C = Inter-level travel time spent in this place.
 D = Time resting spent in this place.
 E = Time spent auto-exploring this place.
 F = Levels seen in this place.
 G = Mean time per level.
                   A        B        C        D        E       F      G
               +--------+--------+--------+--------+--------+-----+--------+
         Total |   7962 |   7677 |    285 |   1730 |   4807 |  10 |  796.2 |
       Dungeon |   7910 |   7647 |    263 |   1730 |   4807 |   9 |  878.9 |
        Temple |     52 |     30 |     22 |      0 |      0 |   1 |   52.0 |
               +--------+--------+--------+--------+--------+-----+--------+

Top non-repeatable levels by time:
     D:5: 1414 daAuts
     D:8: 1188 daAuts
     D:7: 1099 daAuts
     D:1: 1067 daAuts
     D:3: 937 daAuts
     D:4: 752 daAuts
     D:2: 588 daAuts
     D:6: 476 daAuts
     D:9: 386 daAuts
  Temple: 52 daAuts
